[Event "94th Tradewise Hastings Congress"]
[Site "Hastings"]
[Date "2019.01.05"]
[Round "9"]
[White "Stefansson, Vignir Vatnar"]
[Black "Murphy, Conor E"]
[Result "1/2-1/2"]
[ECO "D37"]
[WhiteElo "2266"]
[BlackElo "2331"]
[Annotator "NA"]
[PlyCount "108"]
[EventDate "2018.12.28"]
[EventType "swiss"]
[EventCountry "ENG"]
[SourceTitle "playchess.com"]
[Source "ChessBase"]
[SourceQuality "1"]
[TimeControl "40/6000+30:3000+30"]

1. d4 d5 2. c4 e6 3. Nc3 Nf6 4. Nf3 Be7 5. Bf4 O-O 6. e3 b6 7. cxd5 Nxd5 8. Nxd5 Qxd5 9. a3 c5 10. dxc5 Qxc5 11. Be2 Rd8 12. Qc1 Ba6 13. Qxc5 Bxc5 14. b4 Be7 15. Rc1 Bf6 16. Bxb8 Bxe2 17. Bc7 Bxf3 18. Bxd8 Bxg2 19. Rg1 Bb2 20. Rc2 Bxa3 21. Be7 Bd5 22. Rc3 Bb2 23. Rc2 Re8 24. Ke2 f5 25. Bd6 Bf6 26. Rgc1 g5 27. Rc8 Rxc8 28. Rxc8+ Kf7 29. b5 e5 30. Bb8 Bb3 31. Bxa7 Ba4 32. Bxb6 Bxb5+ 33. Kf3 Bf1 34. Rc1 e4+ 35. Kg3 Be5+ 36. f4 exf3+ 37. Kxf3 Bd3 38. Bc7 Be4+ 39. Kf2 Bxc7 40. Rxc7+ Kg6 41. Kg3 h6 42. Ra7 Bd3 43. Rb7 Be4 44. Rb6+ Kg7 45. h4 Bd3 46. Rd6 Bc2 47. h5 Be4 48. Kf2 Bc2 49. Rd7+ Kg8 50. Ke2 Bb3 51. Kd2 Bf7 52. Rd6 Kg7 53. Rd7 Kf6 54. Rd6+ Ke5 1/2-1/2

[Event "94th Tradewise Hastings Congress"]
[Site "Hastings"]
[Date "2019.01.05"]
[Round "9"]
[White "Moore, Graham J"]
[Black "Ratnesan, Ranesh"]
[Result "1-0"]
[ECO "B90"]
[WhiteElo "2235"]
[BlackElo "2055"]
[Annotator "NA"]
[PlyCount "59"]
[EventDate "2018.12.28"]
[EventType "swiss"]
[EventCountry "ENG"]
[SourceTitle "playchess.com"]
[Source "ChessBase"]
[SourceQuality "1"]
[TimeControl "40/6000+30:3000+30"]

1. e4 c5 2. Nf3 d6 3. d4 cxd4 4. Nxd4 Nf6 5. Nc3 a6 6. h3 e5 7. Nde2 h5 8. Bg5 Nbd7 9. Ng3 Qc7 10. Nf5 b5 11. Ne3 Bb7 12. a4 b4 13. Ncd5 Nxd5 14. exd5 a5 15. Bd3 Be7 16. Bxe7 Kxe7 17. O-O Kf8 18. c3 bxc3 19. Rc1 g6 20. Rxc3 Nc5 21. f4 exf4 22. Rxf4 Kg7 23. Bb5 Bc8 24. Qd4+ Kg8 25. Qf6 Rh7 26. Nc4 Nb7 27. Kh1 Rg7 28. Bc6 Ra6 29. Re4 Ra7 30. Re7 1-0

[Event "94th Tradewise Hastings Congress"]
[Site "Hastings"]
[Date "2019.01.05"]
[Round "9"]
[White "Willow, Jonah B"]
[Black "Gu, In Jung"]
[Result "1-0"]
[ECO "B06"]
[WhiteElo "2218"]
[BlackElo "1794"]
[Annotator "NA"]
[PlyCount "87"]
[EventDate "2018.12.28"]
[EventType "swiss"]
[EventCountry "ENG"]
[SourceTitle "playchess.com"]
[Source "ChessBase"]
[SourceQuality "1"]
[TimeControl "40/6000+30:3000+30"]

1. Nc3 g6 2. e4 Bg7 3. d4 d6 4. f4 a6 5. Nf3 b5 6. Bd3 Bb7 7. O-O Nd7 8. e5 e6 9. Ne4 Bxe4 10. Bxe4 d5 11. Bd3 c5 12. dxc5 Nxc5 13. Be3 Nxd3 14. Qxd3 Ne7 15. a4 b4 16. a5 Qd7 17. Bc5 Nc6 18. Kh1 Bf8 19. Bxf8 Kxf8 20. Nd2 h5 21. Nc4 Qd8 22. Nb6 Ra7 23. Qe3 Kg7 24. Qc5 Qc7 25. c3 bxc3 26. Qxc3 Ne7 27. Rac1 Qxc3 28. Rxc3 Rd8 29. Rfc1 Nf5 30. Kg1 Nd4 31. Kf2 Nb5 32. Rc8 Rxc8 33. Rxc8 Rc7 34. Rxc7 Nxc7 35. Nd7 g5 36. fxg5 Kg6 37. h4 Kf5 38. Kf3 Nb5 39. Ke3 Kg4 40. Nf8 Nc7 41. b4 Kxh4 42. g6 fxg6 43. Kf4 g5+ {[%emt 0:03:30] Ke4 [%emt 00:00:52]} 44. Kf3 1-0

[Event "94th Tradewise Hastings Congress"]
[Site "Hastings"]
[Date "2019.01.05"]
[Round "9"]
[White "Graham, David B"]
[Black "Larsen, Andreas"]
[Result "1-0"]
[ECO "B00"]
[WhiteElo "2208"]
[BlackElo "1933"]
[Annotator "NA"]
[PlyCount "125"]
[EventDate "2018.12.28"]
[EventType "swiss"]
[EventCountry "ENG"]
[SourceTitle "playchess.com"]
[Source "ChessBase"]
[SourceQuality "1"]
[TimeControl "40/6000+30:3000+30"]

1. e4 Nc6 2. d4 d5 3. e5 Bf5 4. Nf3 e6 5. Be2 f6 6. O-O fxe5 7. dxe5 Bc5 8. Nbd2 Nb4 9. Ne1 Ne7 10. Nb3 Bb6 11. c3 Na6 12. a4 c5 13. a5 Bc7 14. Bxa6 bxa6 15. Nxc5 Bxe5 16. Qa4+ Kf7 17. Nf3 Bf6 18. Be3 h6 19. Rfd1 Rc8 20. Nxa6 Qd6 21. Qb5 Bg4 22. Qb4 Qxa6 23. Qxg4 Nf5 24. Bd4 Nxd4 25. Nxd4 Rhe8 26. Qe2 Qxe2 27. Nxe2 Rb8 28. b4 Rec8 29. Ra3 Rc4 30. f3 Rbc8 31. Rd3 Ke7 32. Kf2 Kd6 33. g3 Kc6 34. Nf4 Kb5 35. Nxe6 Rxc3 36. Rxd5+ Kxb4 37. Rxc3 Rxc3 38. Rd7 Kxa5 39. Rxa7+ Kb5 40. Rf7 Rc2+ 41. Kg1 Kc4 42. Nxg7 Bd4+ 43. Kh1 Kd5 44. Nf5 Rc1+ 45. Kg2 Rc2+ 46. Kh3 Bg1 47. Kg4 Rxh2 48. Rh7 Ke6 49. Rxh6+ Rxh6 50. Nxh6 Kf6 51. Nf5 Bc5 52. Nh4 Ba3 53. Ng2 Bb2 54. f4 Bc3 55. Kf3 Bb2 56. g4 Bc3 57. g5+ Kg6 58. Kg4 Bb2 59. f5+ Kg7 60. Nf4 Bc3 61. f6+ Kf7 62. Kf5 Kg8 63. g6 1-0

[Event "94th Tradewise Hastings Congress"]
[Site "Hastings"]
[Date "2019.01.05"]
[Round "9"]
[White "Stoyanov, Viktor"]
[Black "Brown, Thomas"]
[Result "1-0"]
[ECO "A40"]
[WhiteElo "2205"]
[BlackElo "2068"]
[Annotator "NA"]
[PlyCount "99"]
[EventDate "2018.12.28"]
[EventType "swiss"]
[EventCountry "ENG"]
[SourceTitle "playchess.com"]
[Source "ChessBase"]
[SourceQuality "1"]
[TimeControl "40/6000+30:3000+30"]

1. d4 g6 2. Nf3 Bg7 3. e4 d6 4. Bd3 Nf6 5. Nbd2 O-O 6. O-O Nc6 7. c3 e5 8. dxe5 Nxe5 9. Nxe5 dxe5 10. Nc4 Qe7 11. f3 Rd8 12. Be3 Be6 13. Qe2 Nd7 14. b4 Bxc4 15. Bxc4 a5 16. a3 axb4 17. axb4 Nf8 18. Ra2 Ne6 19. g3 Kh8 20. Rd1 f5 21. Rxd8+ Rxd8 22. Rd2 Rxd2 23. Qxd2 f4 24. Bf2 Ng5 25. Kg2 fxg3 26. hxg3 Qf6 27. Be2 h6 28. Qd7 Qe6 29. Qxe6 Nxe6 30. Bc4 Ng5 31. Bc5 Bf6 32. Bd5 c6 33. Bb3 Kg7 34. Kf2 h5 35. Bc4 Nf7 36. b5 cxb5 37. Bxb5 Nd8 38. Bc4 g5 39. Bd5 h4 40. Kg2 hxg3 41. Kxg3 Nc6 42. Kg4 Kg6 43. Bd6 Nd8 44. Bc5 Nc6 45. Be6 Be7 46. Be3 Nd8 47. Bd7 Nf7 48. Be8 b5 49. Bxf7+ Kxf7 50. Kf5 1-0

[Event "94th Tradewise Hastings Congress"]
[Site "Hastings"]
[Date "2019.01.05"]
[Round "9"]
[White "Sumit, Kumar"]
[Black "Miller, Dominic"]
[Result "0-1"]
[ECO "A04"]
[WhiteElo "2179"]
[BlackElo "2061"]
[Annotator "NA"]
[PlyCount "76"]
[EventDate "2018.12.28"]
[EventType "swiss"]
[EventCountry "ENG"]
[SourceTitle "playchess.com"]
[Source "ChessBase"]
[SourceQuality "1"]
[TimeControl "40/6000+30:3000+30"]

1. e4 c5 2. Nf3 e6 3. d3 Nc6 4. g3 g6 5. Bg2 Bg7 6. O-O Nge7 7. Re1 d6 8. c3 e5 9. a3 O-O 10. b4 a6 11. Nbd2 h6 12. Bb2 Be6 13. Nf1 b6 14. Ne3 f5 15. exf5 gxf5 16. d4 cxd4 17. cxd4 e4 18. Nh4 d5 19. Bh3 Qd7 20. Neg2 f4 21. Bxe6+ Qxe6 22. Nxf4 Rxf4 23. gxf4 Rf8 24. f5 Nxf5 25. Qg4 Rf6 26. Kh1 Nxh4 27. Qxh4 Qf5 28. Qg3 Rg6 29. Qe3 Nxd4 30. Rg1 Nc2 31. Rxg6 Qxg6 32. Qc1 e3 33. Bxg7 Qe4+ 34. Kg1 Qg4+ 35. Kh1 Qf3+ 36. Kg1 exf2+ 37. Kf1 Ne3+ 38. Qxe3 Qxe3 0-1

[Event "94th Tradewise Hastings Congress"]
[Site "Hastings"]
[Date "2019.01.05"]
[Round "9"]
[White "Groffen, Hans"]
[Black "Fryer, David W"]
[Result "1-0"]
[ECO "D35"]
[WhiteElo "2120"]
[BlackElo "1932"]
[Annotator "NA"]
[PlyCount "43"]
[EventDate "2018.12.28"]
[EventType "swiss"]
[EventCountry "ENG"]
[SourceTitle "playchess.com"]
[Source "ChessBase"]
[SourceQuality "1"]
[TimeControl "40/6000+30:3000+30"]

1. d4 d5 2. c4 e6 3. Nc3 Nf6 4. cxd5 exd5 5. Bg5 Bf5 6. e3 c6 7. Qf3 Bg6 8. Bxf6 Qxf6 9. Qxf6 gxf6 10. Nf3 Nd7 11. Nh4 O-O-O 12. f4 h5 13. a3 Re8 14. Kf2 Nb6 15. b4 Kb8 16. Be2 Be4 17. Nxe4 dxe4 18. Nf5 h4 19. g4 Nd5 20. h3 Ne7 21. Nd6 Nd5 22. Nxe8 1-0

[Event "94th Tradewise Hastings Congress"]
[Site "Hastings"]
[Date "2019.01.05"]
[Round "9"]
[White "Rolvag, Mikael"]
[Black "Salmons, Calum"]
[Result "1-0"]
[ECO "B26"]
[WhiteElo "2107"]
[BlackElo "1905"]
[Annotator "NA"]
[PlyCount "80"]
[EventDate "2018.12.28"]
[EventType "swiss"]
[EventCountry "ENG"]
[SourceTitle "playchess.com"]
[Source "ChessBase"]
[SourceQuality "1"]
[TimeControl "40/6000+30:3000+30"]

1. e4 c5 2. Nc3 Nc6 3. g3 g6 4. Bg2 Bg7 5. d3 d6 6. Be3 e6 7. Qd2 Nge7 8. Bh6 O-O 9. h4 f6 10. Bxg7 Kxg7 11. Nge2 d5 12. exd5 Nxd5 13. O-O Nce7 14. Ne4 Qc7 15. c4 Nb4 16. a3 Na6 17. b4 cxb4 18. axb4 e5 19. Ra3 Bf5 20. Rfa1 Rad8 21. N2c3 Bxe4 22. Nxe4 f5 23. Ng5 Rf6 24. Qb2 h6 25. Nf3 e4 26. dxe4 Qxc4 27. b5 Nc7 28. Rc1 Qxb5 29. Rb3 Qa5 30. Rxb7 Rc8 31. exf5 gxf5 32. Ra1 Qc5 33. Raxa7 Ned5 34. Qe5 Qc1+ 35. Kh2 Kg6 36. Qd4 Re6 37. Ne5+ Rxe5 38. Qxe5 Re8 39. Ra6+ Kh7 40. Qxe8 Ne7 1-0

[Event "94th Tradewise Hastings Congress"]
[Site "Hastings"]
[Date "2019.01.05"]
[Round "9"]
[White "Willson, Ollie"]
[Black "Boswell, Jacob Connor"]
[Result "1/2-1/2"]
[ECO "E05"]
[WhiteElo "2081"]
[BlackElo "1858"]
[Annotator "NA"]
[PlyCount "98"]
[EventDate "2018.12.28"]
[EventType "swiss"]
[EventCountry "ENG"]
[SourceTitle "playchess.com"]
[Source "ChessBase"]
[SourceQuality "1"]
[TimeControl "40/6000+30:3000+30"]

1. d4 Nf6 2. c4 e6 3. Nf3 d5 4. g3 Be7 5. Bg2 O-O 6. O-O dxc4 7. Qc2 a6 8. a4 Bd7 9. Qxc4 Bc6 10. Bf4 Nbd7 11. Nc3 Bd6 12. Bd2 e5 13. dxe5 Bxe5 14. Rfd1 Qe7 15. Nxe5 Nxe5 16. Qf4 Bxg2 17. Kxg2 Rfe8 18. Qf5 c6 19. Bg5 Ned7 20. Rd4 h6 21. Bf4 Qc5 22. Qd3 Ne5 23. Bxe5 Qxe5 24. Rd1 Re7 25. Qc4 Rae8 26. e3 Re6 27. b4 b5 28. Qd3 g6 29. Ne2 c5 30. bxc5 Qxc5 31. Nf4 Re4 32. axb5 Rxd4 33. Qxd4 Qxd4 34. Rxd4 axb5 35. Rd6 Kg7 36. Rb6 Re5 37. Kf3 h5 38. Nd3 Rd5 39. Nf4 Rf5 40. h4 Nd5 41. Rxb5 Nxe3 42. Rb7 Nd5 43. Rb5 Ne7 44. Rxf5 Nxf5 45. Ke4 Kf6 46. Nd5+ Ke6 47. Nc7+ Kd6 48. Nb5+ Ke6 49. Kf4 Kf6 1/2-1/2

[Event "94th Tradewise Hastings Congress"]
[Site "Hastings"]
[Date "2019.01.05"]
[Round "9"]
[White "Sugden, John N"]
[Black "Pitschka, Claus"]
[Result "1-0"]
[ECO "C41"]
[WhiteElo "2072"]
[BlackElo "2241"]
[Annotator "NA"]
[PlyCount "77"]
[EventDate "2018.12.28"]
[EventType "swiss"]
[EventCountry "ENG"]
[SourceTitle "playchess.com"]
[Source "ChessBase"]
[SourceQuality "1"]
[TimeControl "40/6000+30:3000+30"]

1. d4 d6 2. e4 Nf6 3. Nc3 Nbd7 4. Nf3 e5 5. Bc4 Be7 6. O-O O-O 7. a4 c6 8. Bb3 b6 9. Re1 a6 10. h3 Bb7 11. dxe5 dxe5 12. Be3 b5 13. axb5 axb5 14. Rxa8 Qxa8 15. Nd2 Bc5 16. Bxc5 Nxc5 17. Qe2 Qd8 18. Rd1 Qe7 19. f3 b4 20. Na4 Ncd7 21. Bc4 Nh5 22. Qf2 Nf4 23. Nf1 Bc8 24. Kh2 Re8 25. b3 Nf8 26. Nc5 N8g6 27. Nd3 Rd8 28. Rd2 Nxd3 29. Rxd3 Rxd3 30. Bxd3 h5 31. Ng3 Nf4 32. Bf1 Qd6 33. Qe3 Qd1 34. Bd3 Nxd3 35. cxd3 Qxb3 36. Nxh5 Qe6 37. Qg5 g6 38. Qd8+ Kh7 39. Nf6+ 1-0

[Event "94th Tradewise Hastings Congress"]
[Site "Hastings"]
[Date "2019.01.05"]
[Round "9"]
[White "Comellas Blanchart, Jordi"]
[Black "Byrn, Carsten"]
[Result "1-0"]
[ECO "A62"]
[WhiteElo "2055"]
[BlackElo "1959"]
[Annotator "NA"]
[PlyCount "110"]
[EventDate "2018.12.28"]
[EventType "swiss"]
[EventCountry "ENG"]
[SourceTitle "playchess.com"]
[Source "ChessBase"]
[SourceQuality "1"]
[TimeControl "40/6000+30:3000+30"]

1. d4 Nf6 2. c4 c5 3. d5 g6 4. Nc3 Bg7 5. Nf3 O-O 6. g3 e6 7. Bg2 exd5 8. cxd5 d6 9. O-O h6 10. Re1 Re8 11. Nd2 a6 12. a4 Nbd7 13. Nc4 Nb6 14. Na3 g5 15. h3 Bf5 16. e4 Bg6 17. a5 Nbd7 18. Nc4 Qc7 19. Bd2 b5 20. axb6 Nxb6 21. Na5 Nfd7 22. f4 Bd4+ 23. Kh2 f6 24. Nc6 Nc4 25. b3 Nxd2 26. Qxd2 Bxc3 27. Qxc3 Kg7 28. Re3 Qb6 29. Rae1 gxf4 30. gxf4 Nb8 31. e5 Nxc6 32. dxc6 dxe5 33. fxe5 Qb4 34. exf6+ Kf8 35. Rxe8+ Rxe8 36. Rxe8+ Bxe8 37. Qxb4 cxb4 38. c7 Bd7 39. Bb7 a5 40. c8=Q+ Bxc8 41. Bxc8 Kf7 42. Bd7 Kxf6 43. Kg3 Kg5 44. h4+ Kf6 45. Kg4 Kg7 46. Kh5 Kh7 47. Bb5 Kg7 48. Bd3 Kh8 49. Kxh6 Kg8 50. Bb5 Kh8 51. Kg6 Kg8 52. Kf6 Kh7 53. Ke5 Kh6 54. Kd4 a4 55. bxa4 b3 1-0

[Event "94th Tradewise Hastings Congress"]
[Site "Hastings"]
[Date "2019.01.05"]
[Round "9"]
[White "Armstrong, Malcolm J"]
[Black "Byron, Alan M"]
[Result "0-1"]
[ECO "D30"]
[WhiteElo "2052"]
[BlackElo "2157"]
[Annotator "NA"]
[PlyCount "86"]
[EventDate "2018.12.28"]
[EventType "swiss"]
[EventCountry "ENG"]
[SourceTitle "playchess.com"]
[Source "ChessBase"]
[SourceQuality "1"]
[TimeControl "40/6000+30:3000+30"]

1. d4 Nf6 2. Nf3 d5 3. c4 c6 4. e3 e6 5. Nbd2 Nbd7 6. Bd3 Bd6 7. O-O O-O 8. b3 e5 9. cxd5 cxd5 10. dxe5 Nxe5 11. Be2 Qe7 12. Bb2 Nc6 13. Rc1 Ba3 14. Qc2 Bg4 15. Bxa3 Qxa3 16. Nb1 Qe7 17. Rfd1 Rad8 18. Nd4 Nxd4 19. Rxd4 Rc8 20. Nc3 Rxc3 21. Qxc3 Bxe2 22. Qc5 Qxc5 23. Rxc5 Bg4 24. f3 Bd7 25. g4 h6 26. h4 Bc6 27. Ra5 a6 28. b4 Ne8 29. Kf2 Nc7 30. Rd2 Re8 31. Rc5 Re7 32. Rc1 Kf8 33. Rc3 Re6 34. Rd1 Rf6 35. Rcc1 Ne6 36. Kg3 g5 37. h5 d4 38. e4 Nf4 39. Rd2 d3 40. Kf2 Ne2 41. Rc4 b5 42. Rxc6 Rxc6 43. Rxd3 Nf4 0-1

[Event "94th Tradewise Hastings Congress"]
[Site "Hastings"]
[Date "2019.01.05"]
[Round "9"]
[White "Norinkeviciute, Rasa"]
[Black "Fowler, David"]
[Result "1-0"]
[ECO "A20"]
[WhiteElo "2028"]
[BlackElo "1929"]
[Annotator "NA"]
[PlyCount "87"]
[EventDate "2018.12.28"]
[EventType "swiss"]
[EventCountry "ENG"]
[SourceTitle "playchess.com"]
[Source "ChessBase"]
[SourceQuality "1"]
[TimeControl "40/6000+30:3000+30"]

1. c4 e5 2. g3 Nf6 3. Bg2 c6 4. d4 Bb4+ 5. Bd2 Bxd2+ 6. Qxd2 d6 7. Nc3 Qe7 8. e4 Be6 9. d5 cxd5 10. cxd5 Bd7 11. Nge2 O-O 12. O-O a5 13. a3 a4 14. Nc1 Ne8 15. Nd3 g6 16. f4 f6 17. Rf2 Ng7 18. Raf1 Na6 19. Qe3 Nc5 20. Nxc5 dxc5 21. fxe5 fxe5 22. Rxf8+ Rxf8 23. Rxf8+ Qxf8 24. Qd3 Ne8 25. Qc4 b6 26. Qa6 Qh6 27. Qxb6 Qc1+ 28. Kf2 Bg4 29. Bf3 Bxf3 30. Kxf3 Qf1+ 31. Ke3 Kg7 32. Ne2 Nf6 33. Qe6 h5 34. h3 g5 35. Qxe5 g4 36. hxg4 hxg4 37. Qg5+ Kf7 38. Qf4 Qd1 39. e5 Qb3+ 40. Kf2 Qf3+ 41. Qxf3 gxf3 42. exf6 fxe2 43. Kxe2 Kxf6 44. Kd3 1-0

[Event "94th Tradewise Hastings Congress"]
[Site "Hastings"]
[Date "2019.01.05"]
[Round "9"]
[White "Midhun, P U"]
[Black "Derakhshani, Borna"]
[Result "1-0"]
[ECO "A05"]
[WhiteElo "2010"]
[BlackElo "2325"]
[Annotator "NA"]
[PlyCount "65"]
[EventDate "2018.12.28"]
[EventType "swiss"]
[EventCountry "ENG"]
[SourceTitle "playchess.com"]
[Source "ChessBase"]
[SourceQuality "1"]
[TimeControl "40/6000+30:3000+30"]

1. Nf3 Nf6 2. g3 d5 3. d4 e6 4. Bg2 b5 5. O-O Bb7 6. b3 Nbd7 7. c4 bxc4 8. bxc4 dxc4 9. Qa4 Bd6 10. Ba3 O-O 11. Qxc4 Nb6 12. Qc1 Ba6 13. Re1 Nc4 14. Bc5 e5 15. Nfd2 Bxc5 16. dxc5 Qd4 17. Nb3 Qd7 18. Bxa8 Rxa8 19. N1d2 Qh3 20. Nf1 e4 21. Qg5 e3 22. f3 h6 23. Qh4 Qf5 24. Rac1 g5 25. Qd4 Qe6 26. c6 Qd6 27. Rxc4 Bxc4 28. Qxc4 Re8 29. Qc5 Qe6 30. Nd4 Qxa2 31. Nf5 Nd5 32. N1xe3 Qd2 33. Rd1 1-0

[Event "94th Tradewise Hastings Congress"]
[Site "Hastings"]
[Date "2019.01.05"]
[Round "9"]
[White "Spanton, Tim R"]
[Black "White, Stuart A"]
[Result "0-1"]
[ECO "C11"]
[WhiteElo "1954"]
[BlackElo "2096"]
[Annotator "NA"]
[PlyCount "82"]
[EventDate "2018.12.28"]
[EventType "swiss"]
[EventCountry "ENG"]
[SourceTitle "playchess.com"]
[Source "ChessBase"]
[SourceQuality "1"]
[TimeControl "40/6000+30:3000+30"]

1. e4 e6 2. d4 d5 3. Nc3 Nf6 4. e5 Nfd7 5. Nf3 c5 6. dxc5 Nc6 7. Bf4 Bxc5 8. Bd3 f6 9. exf6 Nxf6 10. O-O O-O 11. Re1 Bxf2+ 12. Kxf2 Ng4+ 13. Kg3 e5 14. Bg5 Qd6 15. Bxh7+ Kxh7 16. Qxd5 Qg6 17. Ne4 Nf6 18. Qc4 Bf5 19. Nxf6+ gxf6 20. Qh4+ Kg7 21. Rad1 e4 22. Qh6+ Qxh6 23. Bxh6+ Kxh6 24. Nh4 Kg5 25. Rd5 Ne5 26. Nxf5 Kxf5 27. Rd4 Rg8+ 28. Kf2 Rac8 29. Re2 Rc4 30. Rd5 Rgc8 31. Rb5 b6 32. c3 Ke6 33. h3 f5 34. g3 R8c5 35. Rxc5 Rxc5 36. Ke3 Rd5 37. h4 Rd3+ 38. Kf2 Ng4+ 39. Kg2 Ke5 40. Kh3 e3 41. h5 Rd2 0-1

[Event "94th Tradewise Hastings Congress"]
[Site "Hastings"]
[Date "2019.01.05"]
[Round "9"]
[White "Faulks, Nick"]
[Black "Eames, Robert S"]
[Result "0-1"]
[ECO "B44"]
[WhiteElo "1917"]
[BlackElo "2167"]
[Annotator "NA"]
[PlyCount "80"]
[EventDate "2018.12.28"]
[EventType "swiss"]
[EventCountry "ENG"]
[SourceTitle "playchess.com"]
[Source "ChessBase"]
[SourceQuality "1"]
[TimeControl "40/6000+30:3000+30"]

1. e4 c5 2. Nf3 e6 3. d4 cxd4 4. Nxd4 Nc6 5. Nb5 d6 6. c4 Nf6 7. N1c3 a6 8. Na3 Be7 9. Be2 O-O 10. O-O b6 11. Be3 Bb7 12. f3 Ne5 13. Qe1 Qc7 14. Qf2 Ned7 15. Rac1 Rac8 16. Rfd1 Rfe8 17. Kh1 Qb8 18. Bf1 Bd8 19. b4 Bc7 20. Qh4 d5 21. exd5 exd5 22. Bg1 Bf4 23. Rc2 g5 24. Qf2 Be3 25. Qg3 Qxg3 26. hxg3 d4 27. Nd5 Bxd5 28. cxd5 Nxd5 29. Bxa6 Rcd8 30. Bb5 Re6 31. Bxe3 Nxe3 32. Rxd4 Nxc2 33. Nxc2 Rc8 34. Bd3 Ne5 35. Be4 Rc3 36. Rd5 g4 37. Kg1 gxf3 38. Rd8+ Kg7 39. Nd4 f2+ 40. Kf1 Ng4 0-1

[Event "94th Tradewise Hastings Congress"]
[Site "Hastings"]
[Date "2019.01.05"]
[Round "9"]
[White "Song, Jinwoo"]
[Black "Spiegel, Stefan"]
[Result "0-1"]
[ECO "B02"]
[WhiteElo "1907"]
[BlackElo "2124"]
[Annotator "NA"]
[PlyCount "128"]
[EventDate "2018.12.28"]
[EventType "swiss"]
[EventCountry "ENG"]
[SourceTitle "playchess.com"]
[Source "ChessBase"]
[SourceQuality "1"]
[TimeControl "40/6000+30:3000+30"]

1. e4 Nf6 2. Nc3 d5 3. exd5 Nxd5 4. Bc4 c6 5. Nge2 Bf5 6. Ng3 Bg6 7. d3 e6 8. O-O Be7 9. Kh1 O-O 10. Bd2 Nd7 11. Bb3 Nc5 12. Nxd5 cxd5 13. d4 Nxb3 14. axb3 Qc7 15. c3 Bd6 16. Qe2 Rfe8 17. f4 f6 18. Qf3 Bf7 19. b4 a5 20. bxa5 Ra7 21. a6 Rxa6 22. Ra3 Ra5 23. Rxa5 Qxa5 24. f5 e5 25. dxe5 Bxe5 26. Qg4 Qb5 27. Bh6 g6 28. fxg6 hxg6 29. Re1 Qc4 30. Qf3 Qh4 31. Bd2 Kg7 32. Nf1 Ra8 33. g3 Qh5 34. Qxh5 gxh5 35. Ne3 Ra2 36. Bc1 b5 37. Nf5+ Kh7 38. Nd4 b4 39. Nc6 bxc3 40. Nxe5 fxe5 41. bxc3 Bg6 42. Bg5 Be4+ 43. Kg1 Kg6 44. h4 Rg2+ 45. Kf1 Rc2 46. Re3 Kf5 47. Be7 Bg2+ 48. Ke1 Ra2 49. Bd6 e4 50. Bf4 Bf3 51. Kf1 Rc2 52. Bd6 Kg4 53. Be5 Rg2 54. Bd6 Rxg3 55. Bxg3 Kxg3 56. Kg1 Kxh4 57. Kh2 Kg4 58. Re1 Kf4 59. Ra1 e3 60. Kg1 Ke4 61. Ra8 Kd3 62. Re8 Bg4 63. Re5 Bf3 64. Rf5 Be4 0-1

[Event "94th Tradewise Hastings Congress"]
[Site "Hastings"]
[Date "2019.01.05"]
[Round "9"]
[White "Chapman, Matt"]
[Black "Villiers, Thomas"]
[Result "1/2-1/2"]
[ECO "B04"]
[WhiteElo "1902"]
[BlackElo "2205"]
[Annotator "NA"]
[PlyCount "134"]
[EventDate "2018.12.28"]
[EventType "swiss"]
[EventCountry "ENG"]
[SourceTitle "playchess.com"]
[Source "ChessBase"]
[SourceQuality "1"]
[TimeControl "40/6000+30:3000+30"]

1. e4 Nf6 2. e5 Nd5 3. d4 d6 4. Nf3 dxe5 5. Nxe5 c6 6. Nf3 Bg4 7. h3 Bh5 8. c4 Nb6 9. Be3 e6 10. Nc3 Be7 11. g4 Bg6 12. Ne5 N8d7 13. Nxg6 hxg6 14. Qe2 Qc7 15. Bg2 Nf6 16. O-O-O O-O-O 17. Kb1 Kb8 18. d5 cxd5 19. Bxb6 Qxb6 20. cxd5 Bb4 21. Qe5+ Bd6 22. Qe3 Qxe3 23. fxe3 exd5 24. Nxd5 Be5 25. Nxf6 Bxf6 26. Bd5 Rd7 27. e4 g5 28. Rdf1 Rc8 29. Rc1 Re8 30. Rhf1 Rd6 31. Rf3 Rb6 32. b3 Re7 33. Rc2 Rd6 34. a4 Be5 35. Rxf7 Rxf7 36. Bxf7 b6 37. Bc4 Kc7 38. Rf2 Bf4 39. Bd5 Rh6 40. Rf3 Kd6 41. Kc2 Ke5 42. Rc3 Rh8 43. Rf3 a5 44. Rd3 Bh2 45. Rf3 Rc8+ 46. Kd3 Bf4 47. Rf1 Kd6 48. h4 Be5 49. hxg5 Rc3+ 50. Ke2 Rg3 51. g6 Rxg4 52. Bf7 Rxe4+ 53. Kd3 Rd4+ 54. Kc2 Rg4 55. Rd1+ Kc6 56. Rd2 Rg3 57. Rd3 Rg5 58. Rd2 Bd6 59. Re2 Bb4 60. Kd3 Kc5 61. Rc2+ Kd6 62. Re2 b5 63. axb5 Rxb5 64. Re6+ Kc7 65. Re2 Rg5 66. Rc2+ Kd6 67. Re2 Re5 {[%emt 0:00:00] Ke4 [%emt 00:00:17]} 1/2-1/2

[Event "94th Tradewise Hastings Congress"]
[Site "Hastings"]
[Date "2019.01.06"]
[Round "10"]
[White "Petrov, Vladimir Sergeev"]
[Black "Stoyanov, Viktor"]
[Result "1-0"]
[ECO "B40"]
[WhiteElo "2365"]
[BlackElo "2205"]
[Annotator "NA"]
[PlyCount "71"]
[EventDate "2018.12.28"]
[EventType "swiss"]
[EventCountry "ENG"]
[SourceTitle "playchess.com"]
[Source "ChessBase"]
[SourceQuality "1"]
[TimeControl "40/6000+30:3000+30"]

1. e4 c5 2. Nf3 e6 3. d4 cxd4 4. Nxd4 Nf6 5. Nc3 Nc6 6. Ndb5 Bc5 7. Nd6+ Ke7 8. Bf4 e5 9. Nf5+ Kf8 10. Bg5 d6 11. Bc4 {[%emt 0:05:46] LiveBook: 4 Games} Be6 12. Bd5 $11 h6 13. Be3 Bb4 14. O-O Bxc3 15. bxc3 Bxd5 16. exd5 Ne7 17. Nxe7 Qxe7 18. f4 e4 19. c4 b6 20. a4 Rc8 21. a5 Qc7 22. axb6 axb6 23. Ra4 Nd7 24. Qg4 Nf6 25. Qe2 Kg8 26. Bd4 Nd7 27. Qg4 f6 28. Rfa1 Rh7 29. Qe6+ Kh8 30. Ra8 Nb8 31. c5 Rf8 32. R1a7 Qd8 33. c6 g6 34. Rxh7+ Kxh7 35. Ra7+ Kh8 36. c7 1-0

[Event "94th Tradewise Hastings Congress"]
[Site "Hastings"]
[Date "2019.01.06"]
[Round "10"]
[White "Lyell, Mark"]
[Black "Djuric, Stefan"]
[Result "1/2-1/2"]
[ECO "B27"]
[WhiteElo "2317"]
[BlackElo "2371"]
[Annotator "NA"]
[PlyCount "84"]
[EventDate "2018.12.28"]
[EventType "swiss"]
[EventCountry "ENG"]
[SourceTitle "playchess.com"]
[Source "ChessBase"]
[SourceQuality "1"]
[TimeControl "40/6000+30:3000+30"]

1. e4 c5 2. Nf3 g6 3. d4 cxd4 4. Qxd4 Nf6 5. Nc3 Nc6 6. Qa4 d6 7. e5 dxe5 8. Nxe5 Bd7 9. Nxd7 Qxd7 10. Be3 Bg7 11. Rd1 Qc8 12. Be2 O-O 13. O-O {[%emt 0:01:53] LiveBook: 37 Games} a6 $11 14. h3 b5 15. Qb3 Rb8 16. a3 Re8 17. Rfe1 Qc7 18. g3 Na5 19. Qa2 Rbc8 20. Rd2 Qb7 21. Red1 Nc4 22. Bxc4 bxc4 23. Rd4 Qc6 24. Nd5 h5 25. c3 h4 26. g4 Nxd5 27. Rxd5 e6 28. Rd7 Qf3 29. Qb1 Be5 30. Bd4 Bf4 31. Re1 Qxh3 32. Qd1 Bh2+ 33. Kh1 Bb8+ 34. Kg1 Qh2+ 35. Kf1 Qh1+ 36. Ke2 Qc6 37. Bf6 e5 38. g5 Qe4+ 39. Kf1 Qh1+ 40. Ke2 Qe4+ 41. Kf1 Qh1+ 42. Ke2 Qe4+ 1/2-1/2